 Dungeon Crawl Stone Soup version 0.22.0-49-gab54619 (webtiles) character file.

57082 harcile the Fencer (level 14, -3/130 HPs)
             Began as a Hill Orc Berserker on Sept 5, 2018.
             Was the Champion of Trog.
             Slain by an orc warrior
             ... wielding a +0 glaive
              (13 damage)
             ... on level 2 of the Orcish Mines on Sept 6, 2018.
             The game lasted 01:15:22 (18340 turns).

harcile the Fencer (Hill Orc Berserker)            Turns: 18340, Time: 01:15:23

Health: -3/130     AC: 26    Str: 25    XL:     14   Next: 84%
Magic:  4/4        EV: 10    Int:  7    God:    Trog [******]
Gold:   1758       SH:  0    Dex: 12    Spells: 13/13 levels left

rFire    + . .     SeeInvis +   a - +7 triple sword (antimagic)
rCold    . . .     Gourm    .   (shield currently unavailable)
rNeg     + . .     Faith    +   V - +1 plate armour {rN+}
rPois    .         Spirit   .   Y - +0 helmet
rElec    .         Reflect  .   U - +0 cloak
rCorr    .         Harm     .   e - +0 pair of gloves
MR       +....                  x - +0 pair of boots
Stlth    ..........             w - amulet of faith
HPRegen  0.00/turn              M - ring of see invisible
MPRegen  0.09/turn              O - +4 ring of protection

@: berserk cooldown, slowed, drained, very slow
A: agile 1, fire resistance 1, shaggy fur 1, inhibited regeneration, MP-powered
wands
a: Berserk, Trog's Hand, Brothers in Arms, Renounce Religion, Convert to Beogh


You were on level 2 of the Orcish Mines.
You worshipped Trog.
Trog was exalted by your worship.
You were very hungry.

You visited 3 branches of the dungeon, and saw 18 of its levels.
You also visited: Sewer.

You collected 1758 gold pieces.

Inventory:

Hand Weapons
 a - a +7 antimagic triple sword (weapon)
 b - a +6 scimitar of freezing
 r - a +4 scimitar of flaming
Armour
 e - a +0 pair of gloves (worn)
 o - a +1 leather armour of cold resistance
 x - a +0 pair of boots (worn)
 C - +0 acid dragon scales
 N - a +3 leather armour of fire resistance
 R - +0 fire dragon scales
 U - a +0 cloak (worn)
 V - a +1 plate armour of positive energy (worn)
 W - a +0 troll leather armour
 Y - a +0 helmet (worn)
Jewellery
 d - a +2 ring of evasion
 p - an uncursed ring of protection from fire
 t - a cursed amulet of inaccuracy {unknown}
 w - an amulet of faith (around neck)
 A - an uncursed ring of teleportation
 D - an uncursed amulet of the acrobat {unknown}
 E - an uncursed ring of protection from cold
 M - a ring of see invisible (left hand)
 O - a +4 ring of protection (right hand)
 S - an uncursed ring of attention
Wands
 y - a wand of paralysis (13)
 B - a wand of scattershot (8)
 G - a wand of digging (13)
 I - a wand of acid (9)
 K - a wand of iceblast (28)
 T - a wand of disintegration (11)
Scrolls
 i - a scroll of fog
 l - 2 scrolls of blinking
 n - 9 scrolls of identify
 s - 7 scrolls of remove curse
 u - 5 scrolls of teleportation
 H - 2 scrolls of magic mapping
 X - a scroll of fear
Potions
 f - 6 potions of might
 g - 2 potions of haste
 h - 2 potions of flight
 j - 6 potions of magic
 k - 7 potions of curing
 m - 2 potions of brilliance
 q - 2 potions of lignification
 z - 2 potions of invisibility
 F - a potion of berserk rage {unknown}
 J - a potion of agility
 Q - a potion of cancellation
Miscellaneous
 L - a lamp of fire
 P - a sack of spiders
Comestibles
 c - 20 rations


   Skills:
 + Level 13.9(13.7) Fighting
 * Level 19.3(19.1) Long Blades
 + Level 11.1(10.9) Armour
 + Level 6.3(6.1) Dodging
 + Level 3.5(3.3) Stealth


You had 13 spell levels left.
You didn't know any spells.
Your spell library was empty.

Dungeon Overview and Level Annotations

Branches:
Dungeon (15/15)            Temple (1/1) D:4            Lair (0/6) D:9
    Orc (2/2) D:11         Vaults (0/5) D:13         Depths (0/5) D:15
    Elf: Orc:2

Altars:
Ashenzari
Cheibriados
Dithmenos
Elyvilon
Fedhas
Gozag
Hepliaklqana
Kikubaaqudgha
Makhleb
Nemelex Xobeh
Okawaru
Qazlal
Ru
Sif Muna
Trog
Uskayaw
Vehumet
Wu Jian
Xom
Yredelemnul
Zin
The Shining One

Shops:
Orc:2 %?

Annotations:
D:14 exclusion: 4 oklob plants


Innate Abilities, Weirdness & Mutations

You are agile. (Dex +2)
Your flesh is heat resistant. (rF+)
You are covered in fur. (AC +1)
You do not regenerate when monsters are visible.
You expend magic power (3 MP) to strengthen your wands.


Message History

Beogh smites you!
* * * LOW HITPOINT WARNING * * *
The orc warrior hits you with a dire flail.
* * * LOW HITPOINT WARNING * * *
The orc warrior hits you from afar with a glaive.
* * * LOW HITPOINT WARNING * * *
The orc warrior hits you with a mace!
* * * LOW HITPOINT WARNING * * *
The orc closely misses you.
The orc warrior hits you with a dire flail.
* * * LOW HITPOINT WARNING * * *
The orc warrior hits you with a glaive.
* * * LOW HITPOINT WARNING * * *
The orc warrior closely misses you. The orc hits you but does no damage.
Items here: )) [[ † a club; a ring mail; a flail; a leather armour; an orc corpse You slice the orc warrior!!
The orc warrior is almost dead.
The orc warrior barely misses you. The orc warrior hits you with a glaive!
You die...

#.................#...#......
##...........[[[.#...#.......
##...........[..#...........#
#............)))...........#.
##..#..........).............
##..#.....................#.
#..............)........##.#
##..........oo.[........###..
#...........@o.o.......## ###
#..........oo.........## #
#...........)........## #
#...................##
##.................##
.................##
##...............##
...............##
..........##


You could see 3 orc warriors, an orc priest and 2 orcs.

Vanquished Creatures
  Kirke (D:13)
  Nessos (Orc:2)
  Azrael (D:15)
  A fire dragon (D:14)
  An ettin (D:14)
  Josephine (D:10)
  A yaktaur captain (D:15)
  2 vault guards (D:13)
  2 hydras (D:14)
  Harold (D:8)
  A death knight (D:12)
  5 centaur warriors
  3 two-headed ogres
  2 ogre magi (D:13)
  4 skeletal warriors (D:14)
  2 unseen horrors
  Pikel (D:8)
  2 deep elf magi (D:14)
  2 ugly things
  5 orc knights
  3 manticores
  3 cyclopes
  Joseph (D:8)
  6 centaur zombies
  Maurice (D:10)
  2 gargoyles
  2 efreet (D:14)
  2 komodo dragons
  A freezing wraith (D:15)
  A redback zombie (D:12)
  A yaktaur (D:15)
  A tengu conjurer (D:15)
  A troll (shapeshifter) (D:14)
  A queen bee (D:14)
  2 meliai (D:14)
  7 trolls
  2 hippogriffs
  2 slime creatures (D:14)
  27 yaks
  A shadow (D:12)
  A centaur simulacrum (D:14)
  4 fire elementals (D:15)
  5 humans (D:13)
  6 wraiths
  5 wyverns
  2 hungry ghosts
  Grum (D:8)
  A steam dragon (D:9)
  A basilisk (D:9)
  5 vampire mosquitoes
  2 wargs
  2 acid dragons
  A water moccasin (D:15)
  3 porcupines (D:9)
  5 ice beasts
  3 sky beasts
  2 black bears
  27 orc warriors
  4 slaves (D:8)
  3 eyes of draining
  A necrophage (D:12)
  6 ogres
  7 wolves
  4 phantoms
  5 boggarts (D:15)
  25 centaurs
  2 crocodiles
  9 bullfrogs
  A gnoll sergeant (D:11)
  A wyvern zombie (D:12)
  5 scorpions
  39 killer bees
  2 water moccasin skeletons
  7 wights (D:10)
  A howler monkey (D:8)
  7 crimson imps
  2 bullfrog zombies
  A quasit (D:11)
  3 centaur skeletons
  3 jellies (D:8)
  A bullfrog skeleton (D:5)
  A gnoll shaman (D:6)
  21 orc priests
  11 hounds
  21 orc wizards
  6 iguanas
  6 worker ants
  A worker ant zombie (D:6)
  15 gnolls
  22 adders
  A river rat (D:4)
  2 shadow imps
  7 oozes
  An adder zombie (D:6)
  3 worms
  4 leopard geckos
  73 orcs
  6 bats
  A giant cockroach (D:3)
  5 goblins
  7 hobgoblins
  16 jackals
  16 kobolds
  2 quokkas
  3 ball pythons (Sewer)
  9 frilled lizards
  A leopard gecko zombie (D:6)
  6 rats
  A plant (Sewer)
589 creatures vanquished.

Vanquished Creatures (others)
  A vampire (D:15)
  An adder (D:6)
2 creatures vanquished.

Grand Total: 591 creatures vanquished

Notes
Turn   | Place    | Note
-------+----------+-------------------------------------------
     0 | D:1      | harcile the Hill Orc Berserker began the quest for the Orb.
     0 | D:1      | Reached XP level 1. HP: 19/19 MP: 1/1
   113 | D:1      | Reached XP level 2. HP: 6/27 MP: 2/2
   669 | D:1      | Reached ** piety under Trog
   857 | D:2      | Reached XP level 3. HP: 33/33 MP: 3/3
  1254 | D:2      | Reached skill level 4 in Long Blades
  1254 | D:2      | Reached XP level 4. HP: 35/41 MP: 4/4
  1623 | D:3      | Reached XP level 5. HP: 47/47 MP: 5/5
  1819 | D:3      | Found an ancient bone altar of Kikubaaqudgha.
  1820 | D:3      | Found a white marble altar of Elyvilon.
  1823 | D:3      | Found a sparkling altar of Nemelex Xobeh.
  1824 | D:3      | Found a hazy altar of Hepliaklqana.
  1825 | D:3      | Found a deep blue altar of Sif Muna.
  1825 | D:3      | Found a shimmering altar of Xom.
  1825 | D:3      | Found a blossoming altar of Fedhas.
  1825 | D:3      | Found a hide-covered altar of Uskayaw.
  1832 | D:3      | Found a glowing golden altar of the Shining One.
  1982 | D:4      | Reached skill level 5 in Long Blades
  2024 | D:4      | Noticed an ogre
  2038 | D:4      | Reached XP level 6. HP: 53/53 MP: 6/6
  2046 | D:4      | Reached skill level 6 in Long Blades
  2075 | D:4      | Reached *** piety under Trog
  2137 | D:4      | Reached XP level 7. HP: 54/60 MP: 7/7
  2161 | D:4      | Found a glowing drain.
  2165 | Sewer    | Entered a sewer
  2820 | D:4      | Reached skill level 5 in Fighting
  2823 | D:4      | Reached skill level 7 in Long Blades
  3250 | D:4      | Found a staircase to the Ecumenical Temple.
  3261 | Temple   | Entered the Ecumenical Temple
  3371 | D:5      | Entered Level 5 of the Dungeon
  3437 | D:5      | Found an iron altar of Okawaru.
  3488 | D:5      | Reached skill level 8 in Long Blades
  3555 | D:5      | Reached XP level 8. HP: 28/68 MP: 8/8
  3870 | D:5      | Found an ornate altar of the Wu Jian Council.
  4237 | D:6      | Reached skill level 9 in Long Blades
  4237 | D:6      | Reached **** piety under Trog
  4483 | D:6      | Reached skill level 10 in Long Blades
  4773 | D:6      | Reached skill level 5 in Armour
  4807 | D:6      | Reached XP level 9. HP: 60/75 MP: 9/9
  5486 | D:7      | Reached skill level 11 in Long Blades
  5858 | D:8      | Noticed a two-headed ogre
  5868 | D:8      | Killed a two-headed ogre
  5870 | D:8      | Reached skill level 12 in Long Blades
  5877 | D:8      | Noticed Pikel
  6127 | D:8      | Killed Pikel
  6127 | D:8      | Reached skill level 1 in Stealth
  6127 | D:8      | Reached XP level 10. HP: 84/84 MP: 10/10
  6315 | D:8      | Found a snail-covered altar of Cheibriados.
  6371 | D:8      | Noticed Harold
  6384 | D:8      | Killed Harold
  6709 | D:8      | Found a burning altar of Makhleb.
  6838 | D:8      | Reached ***** piety under Trog
  6841 | D:8      | Noticed Grum
  6851 | D:8      | Killed Grum
  6851 | D:8      | Reached skill level 13 in Long Blades
  6868 | D:8      | Noticed Joseph
  6878 | D:8      | Killed Joseph
  7812 | D:9      | Reached XP level 11. HP: 70/94 MP: 11/11
  7829 | D:9      | Found a staircase to the Lair.
  7836 | D:9      | Reached skill level 14 in Long Blades
  8324 | D:9      | Received a gift from Trog
  8559 | D:10     | Entered Level 10 of the Dungeon
  8852 | D:10     | Noticed Josephine
  8864 | D:10     | Killed Josephine
  9032 | D:10     | Noticed Maurice
  9042 | D:10     | Killed Maurice
  9042 | D:10     | Reached skill level 15 in Long Blades
  9154 | D:10     | Received a gift from Trog
  9448 | D:10     | Gained mutation: You are covered in fur. (AC +1) [potion of
                  | mutation]
  9448 | D:10     | Gained mutation: Your natural rate of healing is unusually
                  | fast. [potion of mutation]
  9449 | D:10     | Lost mutation: Your natural rate of healing is unusually
                  | fast. [potion of mutation]
  9449 | D:10     | Gained mutation: You are agile. (Dex +2) [potion of
                  | mutation]
  9449 | D:10     | Gained mutation: You have a pair of small horns on your
                  | head. [potion of mutation]
  9449 | D:10     | Gained mutation: You expend magic power (3 MP) to
                  | strengthen your wands. [potion of mutation]
  9450 | D:10     | Lost mutation: You are agile. (Dex +2) [potion of mutation]
  9450 | D:10     | Lost mutation: You have a pair of small horns on your head.
                  | [potion of mutation]
  9450 | D:10     | Lost mutation: You expend magic power (3 MP) to strengthen
                  | your wands. [potion of mutation]
  9450 | D:10     | Gained mutation: You are dopey. (Int -2) [potion of
                  | mutation]
  9450 | D:10     | Gained mutation: You are weak. (Str -2) [potion of
                  | mutation]
  9450 | D:10     | Gained mutation: You are resistant to hostile enchantments.
                  | (MR+) [potion of mutation]
  9451 | D:10     | Lost mutation: You are dopey. (Int -2) [potion of mutation]
  9451 | D:10     | Lost mutation: You are resistant to hostile enchantments.
                  | (MR+) [potion of mutation]
  9451 | D:10     | Lost mutation: You are weak. (Str -2) [potion of mutation]
  9451 | D:10     | Gained mutation: You expend magic power (3 MP) to
                  | strengthen your wands. [potion of mutation]
  9451 | D:10     | Gained mutation: Your flesh is heat resistant. (rF+)
                  | [potion of mutation]
  9451 | D:10     | Gained mutation: You do not regenerate when monsters are
                  | visible. [potion of mutation]
  9451 | D:10     | Gained mutation: You are agile. (Dex +2) [potion of
                  | mutation]
  9559 | D:11     | Noticed a cyan ugly thing
  9574 | D:11     | Killed a cyan ugly thing
  9574 | D:11     | Reached XP level 12. HP: 106/106 MP: 12/12
  9582 | D:11     | Reached skill level 10 in Fighting
  9724 | D:11     | Found a staircase to the Orcish Mines.
  9875 | D:11     | Noticed a two-headed ogre
  9879 | D:11     | Reached ****** piety under Trog
  9887 | D:11     | Killed a two-headed ogre
  9887 | D:11     | Received a gift from Trog
  9887 | D:11     | Reached skill level 5 in Dodging
 10236 | D:11     | Reached skill level 16 in Long Blades
 11680 | D:13     | Noticed Kirke
 11680 | D:13     | Noticed a death knight
 11692 | D:12     | Killed a death knight
 11958 | D:13     | Killed Kirke
 11958 | D:13     | Reached XP level 13. HP: 116/117 MP: 13/13
 12145 | D:13     | Noticed a vault guard
 12164 | D:13     | Reached skill level 17 in Long Blades
 12773 | D:13     | Killed a vault guard
 12890 | D:13     | Found a gate to the Vaults.
 12890 | D:13     | Noticed a vault guard
 12910 | D:13     | Killed a vault guard
 13405 | D:13     | Received a gift from Trog
 13908 | D:14     | Reached skill level 10 in Armour
 14076 | D:14     | Reached XP level 14. HP: 13/129 MP: 14/14
 14110 | D:14     | HP: 1/129 [meliai/war axe (8)]
 14114 | D:14     | Reached skill level 18 in Long Blades
 14120 | D:14     | HP: 4/129 [vampire mosquito (5)]
 14958 | D:14     | Received a gift from Trog
 15045 | D:14     | HP: 9/193 [fire dragon/blast of flame (18)]
 15589 | D:15     | Entered Level 15 of the Dungeon
 15847 | D:15     | Noticed Azrael
 15871 | D:15     | Killed Azrael
 16353 | D:15     | Found a staircase to the Depths.
 16596 | D:15     | Reached skill level 19 in Long Blades
 16608 | D:15     | Received a gift from Trog
 17236 | Orc:1    | Entered Level 1 of the Orcish Mines
 17705 | Orc:2    | Entered Level 2 of the Orcish Mines
 17888 | Orc:2    | Noticed Nessos
 17905 | Orc:2    | Killed Nessos
 17992 | Orc:2    | Found Salud's Magic Scroll Shop.
 17993 | Orc:2    | Found Zitay's Food Boutique.
 18340 | Orc:2    | Slain by an orc warrior

Skill      XL: |  1  2  3  4  5  6  7  8  9 10 11 12 13 14 |
---------------+-------------------------------------------+-----
Fighting       | 4 5 6 7 9 11 13 | 13.9
Dodging        | 2 3 4 6 |  6.3
Long Blades    | 4 5 6 8 10 12 13 15 16 17 19 | 19.3
Armour         | 3 4 5 7 8 10 11 | 11.1
Stealth        | 1 2 3 |  3.5

Action                   |  1- 3 |  4- 6 |  7- 9 | 10-12 | 13-15 || total
-------------------------+-------+-------+-------+-------+-------++-------
Melee: Falchion          |   100 |    31 |       |       |       ||   131
       Rapier            |       |    11 |       |       |       ||    11
       Long sword        |       |    48 |   357 |    56 |       ||   461
       Scimitar          |       |       |       |   519 |   387 ||   906
       Great sword       |       |       |       |     4 |       ||     4
       Triple sword      |       |       |       |       |   205 ||   205
Invok: Berserk           |     3 |     3 |     8 |    17 |     9 ||    40
  Use: Scroll            |       |     6 |     3 |    15 |     8 ||    32
       Potion            |       |       |     2 |    10 |     4 ||    16
 Stab: Distracted        |       |       |       |     1 |     2 ||     3
       Sleeping          |       |       |       |     2 |       ||     2
       Betrayed ally     |       |       |       |       |     2 ||     2
  Eat: Chunk             |     4 |     3 |    12 |    23 |    18 ||    60
       Ration            |       |     1 |     2 |     4 |     3 ||    10
Armor: Animal skin       |     7 |       |       |       |       ||     7
       Ring mail         |    24 |    35 |    22 |       |       ||    81
       Chain mail        |       |       |   109 |    45 |       ||   154
       Leather armour    |       |       |       |   147 |    13 ||   160
       Plate armour      |       |       |       |       |   501 ||   501
Dodge: Dodged            |    70 |    77 |   249 |   374 |   372 ||  1142
       Rpst.: Falchion   |    25 |     6 |       |       |       ||    31
       Long sword        |       |    17 |    79 |    12 |       ||   108
       Scimitar          |       |       |       |   103 |    64 ||   167
       Great sword       |       |       |       |     1 |       ||     1
       Triple sword      |       |       |       |       |    34 ||    34
